 Dungeon Crawl Stone Soup version 0.29-a0-845-g6161e89988 (webtiles) character file.

Game seed: 9834549008914736131

44 Sabo the Ducker (level 3, -7/25 HPs)
             Began as a Djinni Gladiator on July 15, 2022.
             Was a Follower of Hepliaklqana.
             Killed by divine providence
             ... invoked by an orc priest
              (8 damage)
             ... on level 2 of the Dungeon.
             The game lasted 00:07:31 (1352 turns).

Sabo the Ducker (Djinni Gladiator)                  Turns: 1352, Time: 00:07:31

Health: -7/25      AC:  4    Str: 15    XL:     3   Next: 87%
Gold:   47         EV: 13    Int:  9    God:    Hepliaklqana [*.....] SH:  0 Dex: 14

rFire   + + .      SeeInvis .   o - +3 hand axe (freeze)
rCold   x . .      Faith    .   (no shield)
rNeg    . . .      Spirit   .   b - +0 leather armour
rPois   ∞          Reflect  .   c - +0 helmet
rElec   .          Harm     .   (no cloak)
rCorr   .          Rampage  .   (no gloves)
Will    .....                   (boots unavailable)
Stlth   +.........              (no amulet)
HPRegen 0.08/turn               (no ring)
MPRegen 0.00/turn               (no ring)

@: flying
A: reduced essence, sickness immunity, fire resistance 2, cold vulnerability 1,
float, innate caster, HP casting, extra vitality 1
a: Renounce Religion, Recall Ancestor, Ancestor Identity


You were on level 2 of the Dungeon.
You worshipped Hepliaklqana.
Hepliaklqana was aware of your devotion.
You visited 1 branch of the dungeon, and saw 2 of its levels.

You collected 47 gold pieces.

Inventory:

Hand Weapons
 a - a +0 war axe
 h - a +0 sling
 o - a +3 hand axe of freezing (weapon)
Missiles
 d - 3 throwing nets (quivered)
 e - a javelin
Armour
 b - a +0 leather armour (worn)
 c - a +0 helmet (worn)
Scrolls
 f - a scroll of teleportation
 i - a scroll of fear {unknown}
 n - a scroll of magic mapping
Potions
 g - 2 potions of cancellation {unknown}
 j - a potion of might {unknown}
 m - a potion of resistance {unknown}
 p - 2 potions of magic {unknown}


   Skills:
 + Level 2.3 Fighting
 + Level 3.1 Axes
 + Level 1.7 Throwing
 + Level 0.5 Armour
 + Level 3.7 Dodging
 + Level 0.1 Stealth


You had one spell level left.
You knew the following spells:

 Your Spells              Type           Power      Damage    Failure   Level
a - Summon Small Mammal   Summ           0%         N/A       45%         1
Your spell library was empty.

Dungeon Overview and Level Annotations

Branches:
Dungeon (2/15)

Altars:
Hepliaklqana


Innate Abilities, Weirdness & Mutations

Your life essence is reduced to manifest your ancestor. (-10% HP)
You are immune to sickness and miasma.
You are immune to poison.
Your flesh is very heat resistant. (rF++)
You are vulnerable to cold. (rC-)
You float through the air rather than walking.
You learn spells naturally, not from books.
Your magical power is your life essence.
You have superior vitality. (+4 MHP)


Message History

You hit the orc. You freeze the orc.
The orc is heavily wounded.
The orc completely misses you.
You hit the orc. You freeze the orc.
You kill the orc!
You hit the orc but do no damage.
The orc priest calls down the wrath of Beogh upon you.
Beogh smites you!
Ouch! That really hurt!
* * * LOW HITPOINT WARNING * * *
The orc closely misses you.
You hit the orc. You freeze the orc.
The orc is heavily wounded.
The orc hits you but does no damage.
You hit the orc. You freeze the orc.
The orc is almost dead.
The orc hits you with a +0 whip.
* * * LOW HITPOINT WARNING * * *
The orc closely misses you.
You hit the orc but do no damage.
The orc is almost dead.
The orc hits you but does no damage.
You hit the orc. You freeze the orc.
You kill the orc!
You hit the orc. You freeze the orc.
The orc is moderately wounded.
The orc completely misses you.
You hit the orc. You freeze the orc.
The orc is heavily wounded.
The orc hits you but does no damage.
You hit the orc. You freeze the orc.
You kill the orc!
You barely miss the orc priest.
The orc priest hits you with a +0 dagger.
* * * LOW HITPOINT WARNING * * *
You hit the orc priest. You freeze the orc priest.
The orc priest is moderately wounded.
The orc priest invokes the aid of Beogh against you.
Beogh smites you!
You die...

#.....# # #.....# # #.....#
# #.....# # #....†# #
#.....##### #.....##...
##############.....##...
....$.o@R....'.....''...
##################.....##...
#............# #...........
#.##########.####.###.)#....
#......................#....
###########.#####.#.#..#....
#..........#.#....#....
#.###.####.#.####.#.... #.#
#....#.#......#.#'#


You could see the friendly Septimus the ancestor and an orc priest (ally
target).

Vanquished Creatures
  An adder (D:2)
  4 orcs (D:2)
  An endoplasm (D:2)
  4 goblins
  3 hobgoblins (D:1)
  A kobold (D:1)
  2 quokkas (D:1)
  4 ball pythons
  4 bats
  2 frilled lizards (D:1)
  2 rats (D:1)
28 creatures vanquished.

Vanquished Creatures (collateral kills)
  A frilled lizard (D:1)
1 creature vanquished.

Grand Total: 29 creatures vanquished

Notes
Turn   | Place    | Note
-------+----------+-------------------------------------------
     0 | D:1      | Sabo the Djinni Gladiator began the quest for the Orb.
     0 | D:1      | Reached XP level 1. HP: 18/18 MP: 0/0
   469 | D:1      | Reached XP level 2. HP: 19/23 MP: 0/0
   539 | D:1      | Found a faded altar of an unknown god.
   582 | D:1      | Prayed at the altar of an unknown god.
   582 | D:1      | Became a worshipper of Hepliaklqana the Forgotten
   582 | D:1      | Reached * piety under Hepliaklqana
   912 | D:1      | Reached XP level 3. HP: 25/25 MP: 0/0
   912 | D:1      | Learned a level 1 spell: Summon Small Mammal
  1351 | D:2      | HP: 1/25 [orc priest/+0 dagger (1)]
  1352 | D:2      | Killed from afar by an orc priest

Illustrated notes

Levels and vault maps discovered:
D:1:      ncdulo_halloftheorcs, layout_basic, chequers_ecumenical_altar_island
D:2:      layout_basic

Skill      XL: |  1  2  3 |
---------------+----------+-----
Axes           | 3 |  3.1
Fighting       | |  2.3
Throwing       | |  1.7
Armour         | |  0.5
Dodging        | |  3.7
Stealth        | |  0.1

Action                   || total
-------------------------++-------
Melee: War axe           ||    33
       Punch             ||     1
       Hand axe          ||    25
  Use: Scroll            ||     4
Armor: Leather armour    ||    10
       Ring mail         ||    12
Dodge: Dodged            ||    51

Table legend: (Time is in decaauts)
 A = Elapsed time spent in this place.
 B = Non-inter-level travel time spent in this place.
 C = Inter-level travel time spent in this place.
 D = Time resting spent in this place.
 E = Time spent auto-exploring this place.
 F = Levels seen in this place.
 G = Mean time per level.
                   A        B        C        D        E       F      G
               +--------+--------+--------+--------+--------+-----+--------+
         Total |   1367 |   1367 |      0 |     76 |      0 |   2 |  683.5 |
       Dungeon |   1367 |   1367 |      0 |     76 |      0 |   2 |  683.5 |
               +--------+--------+--------+--------+--------+-----+--------+

Top non-repeatable levels by time:
     D:1: 1117 daAuts
     D:2: 250 daAuts
